[Event "GambitGuide"]
[Site "Internet Chess Club"]
[Date "2014.10.31"]
[Round "1"]
[White "JSBach"]
[Black "sibirica"]
[Result "0-1"]
[ICCResult "White checkmated"]
[WhiteElo "1750"]
[BlackElo "2349"]
[Opening "Vienna: `Frankenstein-Dracula' variation"]
[ECO "C27"]
[NIC "VG.02"]
[Time "19:18:18"]
[TimeControl "120+12"]

1. e4 e5 2. Nc3 Nf6 3. Bc4 Nxe4 4. Qh5 Nd6 5. Bb3 Nc6 6. Nb5 g6 7. Qf3 f5 8.
Qd5 Qe7 9. Nxc7+ Kd8 10. Nxa8 b6 11. d3 Bb7 12. Nxb6 axb6 13. Qf3 Nd4 14.
Qh3 Bg7 15. Be3 Qf6 16. Ne2 Re8 17. c3 Nxb3 18. Bxb6+ Ke7 19. axb3 Kf7 20.
Qxh7 Rh8 21. Qxh8 Bxh8 22. O-O Qg5 23. Ng3 f4 24. Bc5 fxg3 25. fxg3+ Ke6 26.
Ra7 Bc6 27. b4 e4 28. dxe4 Nxe4 29. Bb6 Be5 30. Rfa1 Qg4 31. Re1 Qg5 32. Be3
Qg4 33. Ra6 Kf7 34. Ra5 Bf6 35. b5 Bd5 36. b6 Qe6 37. Ra7 Nd6 38. h3 Qe4 39.
Rxd7+ Ke6 40. Rxd6+ Kxd6 41. Bf4+ Kc6 42. Rxe4 Bxe4 43. Bc7 Be7 44. b4 Bf6
45. c4 Bd4+ 46. Kh2 Bxb6 47. Bxb6 Kxb6 48. g4 Bd3 49. h4 Bxc4 50. h5 g5 51.
h6 Bd3 52. Kg1 Kb5 53. Kf2 Kxb4 54. g3 Kc3 55. Ke3 Kc4 56. Kf2 Kd4 57. Kf3
Be4+ 58. Kf2 Kd3 59. Ke1 Ke3 60. Kd1 Kf3 61. Kd2 Kxg3 62. Ke3 Bh7 63. Kd4
Kxg4 64. Ke3 Kg3 65. Kd4 g4 66. Ke5 Kf2 67. Kf6 g3 68. Kg7 Bd3 69. h7 Bxh7
70. Kxh7 g2 71. Kg6 g1=Q+ 72. Kf5 Qg3 73. Ke6 Qf4 74. Kd5 Qe3 75. Kd6 Qe4
76. Kc5 Qd3 77. Kb4 Qc2 78. Kb5 Qc3 79. Kb6 Qc4 80. Kb7 Qc5 81. Ka6 Qb4 82.
Ka7 Qb5 83. Ka8 Ke3 84. Ka7 Kd4 85. Ka8 Kd5 86. Ka7 Kc6 87. Ka8 Qb7#
{White checkmated}
0-1

[Event "GambitGuide"]
[Site "Internet Chess Club"]
[Date "2014.10.31"]
[Round "1"]
[White "JSBach"]
[Black "QuieroAprender"]
[Result "1-0"]
[ICCResult "Black resigns"]
[WhiteElo "1750"]
[BlackElo "1379"]
[Opening "Vienna: `Frankenstein-Dracula' variation"]
[ECO "C27"]
[NIC "VG.02"]
[Time "19:17:24"]
[TimeControl "120+12"]

1. e4 e5 2. Nc3 Nf6 3. Bc4 Nxe4 4. Qh5 Nd6 5. Bb3 Nc6 6. Nb5 g6 7. Qf3 f5 8.
Qd5 Qe7 9. Nxc7+ Kd8 10. Nxa8 b6 11. d3 Bb7 12. Nxb6 axb6 13. Qf3 Nd4 14.
Qg3 f4 15. Qg4 N6f5 16. c3 h5 17. Qxg6 Nh4 18. Qxb6+ Kc8 19. cxd4 Nxg2+ 20.
Kf1 Nh4 21. d5 Qg5 22. Ke2 f3+ 23. Nxf3 Nxf3 24. Bxg5 Nd4+ 25. Ke3 Nf5+ 26.
Ke4 Nd6+ 27. Kxe5 Nf7+ 28. Kf6 Nxg5 29. Rhc1+ Kb8 30. Qc7+ Ka8 31. Qa5+ Kb8
32. Kxg5 Be7+ 33. Kg6 Rg8+ 34. Kf7 {Black resigns} 1-0

[Event "GambitGuide"]
[Site "Internet Chess Club"]
[Date "2014.10.31"]
[Round "1"]
[White "JSBach"]
[Black "JeffH"]
[Result "1-0"]
[ICCResult "Black checkmated"]
[WhiteElo "1750"]
[BlackElo "1183"]
[Opening "Vienna: `Frankenstein-Dracula' variation"]
[ECO "C27"]
[NIC "VG.02"]
[Time "19:19:15"]
[TimeControl "120+12"]

1. e4 e5 2. Nc3 Nf6 3. Bc4 Nxe4 4. Qh5 Nd6 5. Bb3 Nc6 6. Nb5 g6 7. Qf3 f5 8.
Qd5 Qe7 9. Nxc7+ Kd8 10. Nxa8 b6 11. d3 Bb7 12. Nxb6 axb6 13. Qf3 Kc8 14.
Be3 Ba6 15. Bxb6 e4 16. dxe4 Nxe4 17. Qe3 Bg7 18. c3 Re8 19. Rd1 Qf6 20. Ne2
Qh4 21. Bf7 Re7 22. Bd5 Qg4 23. Bxc6 dxc6 24. Nf4 Nd6 25. Qxe7 Qxg2 26. Qc7#
{Black checkmated}
1-0

[Event "GambitGuide"]
[Site "Internet Chess Club"]
[Date "2014.10.31"]
[Round "1"]
[White "JSBach"]
[Black "sibirica"]
[Result "0-1"]
[ICCResult "White checkmated"]
[WhiteElo "1750"]
[BlackElo "2349"]
[Opening "Vienna: `Frankenstein-Dracula' variation"]
[ECO "C27"]
[NIC "VG.02"]
[Time "19:20:41"]
[TimeControl "120+12"]

1. e4 e5 2. Nc3 Nf6 3. Bc4 Nxe4 4. Qh5 Nd6 5. Bb3 Nc6 6. Nb5 g6 7. Qf3 f5 8.
Qd5 Qe7 9. Nxc7+ Kd8 10. Nxa8 b6 11. d3 Bb7 12. Nxb6 axb6 13. Qf3 Nd4 14.
Qg3 f4 15. Qg4 Qf6 16. Ba4 b5 17. Bb3 h5 18. Qh3 g5 19. Bd2 g4 20. Ba5+ Ke7
21. c3 Nxb3 22. axb3 gxh3 23. Ne2 hxg2 24. Rg1 f3 25. Ng3 h4 26. Ne4 Nxe4
27. dxe4 Bxe4 28. c4 Kf7 29. cxb5 Bc5 30. Rc1 Qd6 31. Rc4 Qd3 32. Rxe4 Qxe4+
33. Kd2 Qe2+ 34. Kc3 Rc8 35. Bc7 Rxc7 36. b6 Bxb6+ 37. Kb4 Qc2 38. Rc1 Qxc1
39. Ka3 g1=Q 40. b4 Qgd1 41. b5 Qc4 42. b3 Qdxb3# {White checkmated} 0-1

[Event "GambitGuide"]
[Site "Internet Chess Club"]
[Date "2014.10.31"]
[Round "1"]
[White "JSBach"]
[Black "JeffH"]
[Result "1-0"]
[ICCResult "Black checkmated"]
[WhiteElo "1750"]
[BlackElo "1183"]
[Opening "Vienna: `Frankenstein-Dracula' variation"]
[ECO "C27"]
[NIC "VG.02"]
[Time "19:20:49"]
[TimeControl "120+12"]

1. e4 e5 2. Nc3 Nf6 3. Bc4 Nxe4 4. Qh5 Nd6 5. Bb3 Nc6 6. Nb5 g6 7. Qf3 f5 8.
Qd5 Qe7 9. Nxc7+ Kd8 10. Nxa8 b6 11. d3 Bb7 12. Nxb6 axb6 13. Qf3 Kc8 14.
Be3 Nb5 15. Bxb6 Ncd4 16. Qg3 Qb4+ 17. c3 Qd6 18. cxd4 Qxb6 19. Rc1+ Kd8 20.
Qxe5 Bb4+ 21. Kf1 Re8 22. Qf4 Nxd4 23. Bf7 Re7 24. Qb8+ Bc8 25. Qxb6#
{Black checkmated}
1-0

[Event "GambitGuide"]
[Site "Internet Chess Club"]
[Date "2014.10.31"]
[Round "1"]
[White "JSBach"]
[Black "Koval"]
[Result "1-0"]
[ICCResult "Black resigns"]
[WhiteElo "1750"]
[BlackElo "1991"]
[Opening "Vienna: `Frankenstein-Dracula' variation"]
[ECO "C27"]
[NIC "VG.02"]
[Time "19:20:56"]
[TimeControl "120+12"]

1. e4 e5 2. Nc3 Nf6 3. Bc4 Nxe4 4. Qh5 Nd6 5. Bb3 Nc6 6. Nb5 g6 7. Qf3 f5 8.
Qd5 Qe7 9. Nxc7+ Kd8 10. Nxa8 b6 11. d3 Bb7 12. Nxb6 axb6 13. Qf3 Nd4 14.
Qg3 f4 15. Qg4 Bg7 16. Ba4 Rf8 17. c3 N4f5 18. Nf3 b5 19. Bd1 Rf6 20. a4 b4
21. cxb4 h5 22. Qh3 Nf7 23. Bd2 Nd4 24. b5 g5 25. Qxh5 Nxf3+ 26. Bxf3 Bxf3
27. Qxf3 {Black resigns} 1-0

[Event "GambitGuide"]
[Site "Internet Chess Club"]
[Date "2014.10.31"]
[Round "1"]
[White "JSBach"]
[Black "franco"]
[Result "1-0"]
[ICCResult "Black resigns"]
[WhiteElo "1750"]
[BlackElo "1417"]
[Opening "Vienna: `Frankenstein-Dracula' variation"]
[ECO "C27"]
[NIC "VG.02"]
[Time "19:18:49"]
[TimeControl "120+12"]

1. e4 e5 2. Nc3 Nf6 3. Bc4 Nxe4 4. Qh5 Nd6 5. Bb3 Nc6 6. Nb5 g6 7. Qf3 f5 8.
Qd5 Qe7 9. Nxc7+ Kd8 10. Nxa8 b6 11. d3 Bb7 12. Nxb6 axb6 13. Qf3 Kc7 14.
Be3 Nd4 15. Qh3 f4 16. Bxd4 exd4+ 17. Ne2 Nf5 18. Kf1 Qf6 19. Nxf4 g5 20.
Nh5 Qg6 21. Qg4 Bd6 22. Re1 Rf8 23. Kg1 h6 24. a3 Bf4 25. Nxf4 Qg7 26. Nd5+
Bxd5 27. Bxd5 Qg6 28. Qe4 Nd6 29. Qxg6 {Black resigns} 1-0

[Event "GambitGuide"]
[Site "Internet Chess Club"]
[Date "2014.10.31"]
[Round "1"]
[White "JSBach"]
[Black "pminucci"]
[Result "1-0"]
[ICCResult "Black resigns"]
[WhiteElo "1750"]
[BlackElo "1400"]
[Opening "Vienna: `Frankenstein-Dracula' variation"]
[ECO "C27"]
[NIC "VG.02"]
[Time "19:19:21"]
[TimeControl "120+12"]

1. e4 e5 2. Nc3 Nf6 3. Bc4 Nxe4 4. Qh5 Nd6 5. Bb3 Nc6 6. Nb5 g6 7. Qf3 f5 8.
Qd5 Qe7 9. Nxc7+ Kd8 10. Nxa8 b6 11. d3 Bb7 12. Nxb6 Kc7 13. Nc4 Nb4 14.
Qa5+ Kb8 15. Qxb4 Nxc4 16. Qxe7 Bxe7 17. f3 Na5 18. Ba4 Bc6 19. Bxc6 Nxc6
20. f4 e4 21. Be3 Nb4 22. Kd2 Rc8 23. Rc1 Nxa2 24. Ra1 Bb4+ 25. c3 Bc5 26.
Rxa2 Bxe3+ 27. Kxe3 d5 28. Ra1 h5 29. Ra6 Kb7 30. Rxg6 h4 31. dxe4 dxe4 32.
g4 Rd8 33. Rg7+ Kc8 34. gxf5 Rd3+ 35. Kxe4 Rd2 36. f6 Re2+ 37. Nxe2
{Black resigns}
1-0

[Event "GambitGuide"]
[Site "Internet Chess Club"]
[Date "2014.10.31"]
[Round "1"]
[White "JSBach"]
[Black "sauvignon"]
[Result "0-1"]
[ICCResult "White checkmated"]
[WhiteElo "1750"]
[BlackElo "1553"]
[Opening "Vienna: `Frankenstein-Dracula' variation"]
[ECO "C27"]
[NIC "VG.02"]
[Time "19:15:39"]
[TimeControl "120+12"]

1. e4 e5 2. Nc3 Nf6 3. Bc4 Nxe4 4. Qh5 Nd6 5. Bb3 Nc6 6. Nb5 g6 7. Qf3 f5 8.
Qd5 Qe7 9. Nxc7+ Kd8 10. Nxa8 b6 11. d3 Bb7 12. Nxb6 axb6 13. Qf3 Nd4 14.
Qh3 Bg7 15. Be3 e4 16. dxe4 Nxe4 17. Rd1 f4 18. Rxd4 Bxd4 19. Bxd4 Ng5+ 20.
Kf1 Nxh3 21. Bxh8 Qe4 22. Bf6+ Ke8 23. Nf3 Ba6+ 24. c4 Bxc4+ 25. Bxc4 Qxc4+
26. Ke1 Qc1+ 27. Ke2 Qxh1 28. gxh3 Qb1 29. Ne1 Qxa2 30. Be5 Qd5 31. Bxf4
Qe4+ 32. Be3 d5 33. Kd1 d4 34. Bd2 d3 35. Be3 Qa4+ 36. Kd2 Qb3 37. Nxd3 b5
38. Bc5 Qe6 39. h4 Qg4 40. Bb4 Qxh4 41. Bd6 Qd4 42. Be5 Qe4 43. b3 Ke7 44.
b4 Qh1 45. Kc2 g5 46. Nc5 h5 47. Nd3 h4 48. Kc3 g4 49. Kd4 Ke6 50. Kc3 Kf5
51. Kd4 Qf3 52. Bd6 Qe4+ 53. Kc3 Qc4+ 54. Kd2 Ke4 55. Nc5+ Kf3 56. Nd3 Kg2
57. Ke3 Qe6+ 58. Be5 Qf5 59. Ne1+ Kf1 60. Nd3 h3 61. Bd6 Qf3+ 62. Kd2 Qe2+
63. Kc3 Qf3 64. Kd2 Kg2 65. Ne1+ Kxf2 66. Bc5+ Kf1 67. Nxf3 gxf3 68. Bd6 f2
69. Bc5 Kg2 70. Bxf2 Kxf2 71. Kc3 Kg2 72. Kd4 Kxh2 73. Kc5 Kg1 74. Kxb5 h2
75. Kc4 h1=Q 76. Kd4 Qb7 77. Kc5 Kf2 78. b5 Ke3 79. Kb4 Kd4 80. Ka4 Kc5 81.
Kb3 Qxb5+ 82. Kc3 Qc4+ 83. Kd2 Qb3 84. Ke2 Qc3 85. Kf2 Qd3 86. Kg2 Qe3 87.
Kf1 Qd2 88. Kg1 Kd4 89. Kf1 Ke3 90. Kg1 Kf3 91. Kf1 Qd1# {White checkmated}
0-1

[Event "GambitGuide"]
[Site "Internet Chess Club"]
[Date "2014.10.31"]
[Round "1"]
[White "JSBach"]
[Black "JeffH"]
[Result "1-0"]
[ICCResult "Black resigns"]
[WhiteElo "1750"]
[BlackElo "1183"]
[Opening "Vienna: `Frankenstein-Dracula' variation"]
[ECO "C27"]
[NIC "VG.02"]
[Time "19:22:05"]
[TimeControl "120+12"]

1. e4 e5 2. Nc3 Nf6 3. Bc4 Nxe4 4. Qh5 Nd6 5. Bb3 Nc6 6. Nb5 g6 7. Qf3 f5 8.
Qd5 Qe7 9. Nxc7+ Kd8 10. Nxa8 b6 11. d3 Nd4 12. Nh3 a5 13. Bg5 {Black
resigns} 1-0

[Event "GambitGuide"]
[Site "Internet Chess Club"]
[Date "2014.10.31"]
[Round "1"]
[White "JSBach"]
[Black "JeffH"]
[Result "1-0"]
[ICCResult "Black resigns"]
[WhiteElo "1732"]
[BlackElo "1183"]
[Opening "Vienna: `Frankenstein-Dracula' variation"]
[ECO "C27"]
[NIC "VG.02"]
[Time "19:22:41"]
[TimeControl "120+12"]

1. e4 e5 2. Nc3 Nf6 3. Bc4 Nxe4 4. Qh5 Nd6 5. Bb3 Nc6 6. Nb5 g6 7. Qf3 f5 8.
Qd5 Qe7 9. Nxc7+ Kd8 10. Nxa8 b6 11. d3 Ba6 12. Nf3 Kc8 13. Bg5 Qg7 14. Be3
Nb4 15. Qxe5 Bxd3 16. Bd4 Bxc2 17. Qe2 {Black resigns} 1-0

[Event "GambitGuide"]
[Site "Internet Chess Club"]
[Date "2014.10.31"]
[Round "1"]
[White "JSBach"]
[Black "sibirica"]
[Result "0-1"]
[ICCResult "White checkmated"]
[WhiteElo "1732"]
[BlackElo "2349"]
[Opening "Vienna: `Frankenstein-Dracula' variation"]
[ECO "C27"]
[NIC "VG.02"]
[Time "19:21:13"]
[TimeControl "120+12"]

1. e4 e5 2. Nc3 Nf6 3. Bc4 Nxe4 4. Qh5 Nd6 5. Bb3 Nc6 6. Nb5 g6 7. Qf3 f5 8.
Qd5 Qe7 9. Nxc7+ Kd8 10. Nxa8 b6 11. d3 Bb7 12. Nxb6 axb6 13. Qf3 Nd4 14.
Qh3 Bg7 15. Be3 Qf6 16. Ne2 b5 17. Nxd4 exd4 18. Bf4 Nf7 19. a4 g5 20. Bxf7
gxf4 21. Bh5 b4 22. O-O Rg8 23. Rfe1 Bf8 24. Bf3 Bc6 25. Bxc6 Qxc6 26. g3
Rg4 27. Qxh7 Bd6 28. Qxf5 Qf3 29. Qe4 Qxe4 30. Rxe4 Rg6 31. Rxd4 Be5 32.
Rxb4 f3 33. h4 Re6 34. h5 Bg7 35. Rb7 Re2 36. c3 Bh6 37. b4 Bd2 38. c4 Be1
39. Kh1 Bxf2 40. g4 Bg3 41. Rxd7+ Kxd7 42. Rf1 Rh2+ 43. Kg1 f2+ 44. Rxf2
Rxf2 45. a5 Ra2 46. Kf1 Ke6 47. d4 Bf2 48. d5+ Ke5 49. a6 Kf4 50. c5 Kf3 51.
g5 Ra1# {White checkmated} 0-1

[Event "GambitGuide"]
[Site "Internet Chess Club"]
[Date "2014.10.31"]
[Round "1"]
[White "JSBach"]
[Black "sibirica"]
[Result "0-1"]
[ICCResult "White checkmated"]
[WhiteElo "1732"]
[BlackElo "2349"]
[Opening "Vienna: `Frankenstein-Dracula' variation"]
[ECO "C27"]
[NIC "VG.02"]
[Time "19:23:43"]
[TimeControl "120+12"]

1. e4 e5 2. Nc3 Nf6 3. Bc4 Nxe4 4. Qh5 Nd6 5. Bb3 Nc6 6. Nb5 g6 7. Qf3 f5 8.
Qd5 Qe7 9. Nxc7+ Kd8 10. Nxa8 b6 11. d3 Bb7 12. Nxb6 axb6 13. Qf3 Nd4 14.
Qg3 f4 15. Qg4 Qf6 16. Ba4 b5 17. Bb3 h5 18. Qh3 g5 19. Bd2 g4 20. Ba5+ Ke7
21. c3 Nxb3 22. axb3 gxh3 23. Ne2 hxg2 24. Rg1 f3 25. Ng3 h4 26. Ne4 Nxe4
27. dxe4 Bxe4 28. c4 Kf7 29. cxb5 Bc5 30. b4 Qd6 31. bxc5 Qd3 32. b6 Qe2#
{White checkmated}
0-1

[Event "GambitGuide"]
[Site "Internet Chess Club"]
[Date "2014.10.31"]
[Round "1"]
[White "JSBach"]
[Black "Heian"]
[Result "1/2-1/2"]
[ICCResult "Game drawn because neither player has mating material"]
[WhiteElo "1732"]
[BlackElo "1548"]
[Opening "Vienna: `Frankenstein-Dracula' variation"]
[ECO "C27"]
[NIC "VG.02"]
[Time "19:20:42"]
[TimeControl "120+12"]

1. e4 e5 2. Nc3 Nf6 3. Bc4 Nxe4 4. Qh5 Nd6 5. Bb3 Nc6 6. Nb5 g6 7. Qf3 f5 8.
Qd5 Qe7 9. Nxc7+ Kd8 10. Nxa8 b6 11. d3 Bb7 12. Nxb6 axb6 13. Qf3 Kc7 14.
Bd2 Nd4 15. Qg3 f4 16. Qg4 Qf6 17. Rc1 h5 18. Qh3 g5 19. f3 N6f5 20. Bc3 Be7
21. Bxd4 exd4 22. c3 Qg6 23. g4 Ne3 24. cxd4+ Kd8 25. Rc3 Bf6 26. Be6 dxe6
27. gxh5 Qf5 28. Qxf5 exf5 29. Rb3 Bxd4 30. a3 Bd5 31. Rb5 Bc6 32. Rb3 Ba4
33. Rc3 Bxc3+ 34. bxc3 Nc2+ 35. Ke2 Nxa3 36. h3 Re8+ 37. Kf2 Bc2 38. h4 g4
39. d4 Nb5 40. h6 Ke7 41. Ne2 g3+ 42. Kg2 Kf6 43. Nxf4 Nxc3 44. Rc1 Ne2 45.
Nd5+ Kg6 46. Rxc2 Nxd4 47. Rc4 Ne6 48. Kxg3 f4+ 49. Kg4 Kxh6 50. Nxb6 Rf8
51. Nd5 Ng7 52. Rc6+ Kh7 53. h5 Ne8 54. Ra6 Kg7 55. Re6 Nf6+ 56. Nxf6 Rxf6
57. h6+ Rxh6 58. Rxh6 Kxh6 59. Kxf4 Kg6 60. Ke5 Kf7 61. Kd6 Kf6 62. Kd5 Kf5
63. Kd4 Kf4 64. Kc4 Kxf3 {Game drawn because neither player has mating
material} 1/2-1/2

[Event "GambitGuide"]
[Site "Internet Chess Club"]
[Date "2014.10.31"]
[Round "1"]
[White "JSBach"]
[Black "JeffH"]
[Result "1-0"]
[ICCResult "Black resigns"]
[WhiteElo "1732"]
[BlackElo "1183"]
[Opening "Vienna: `Frankenstein-Dracula' variation"]
[ECO "C27"]
[NIC "VG.02"]
[Time "19:23:29"]
[TimeControl "120+12"]

1. e4 e5 2. Nc3 Nf6 3. Bc4 Nxe4 4. Qh5 Nd6 5. Bb3 Nc6 6. Nb5 g6 7. Qf3 f5 8.
Qd5 Qe7 9. Nxc7+ Kd8 10. Nxa8 b6 11. d3 Bb7 12. Nxb6 axb6 13. Qf3 Kc8 14.
Be3 f4 15. Bxb6 Nd4 16. Qg4 Bd5 17. Bxd4 exd4+ 18. Ne2 Bxb3 19. cxb3 f3 20.
Rc1+ Kb7 21. Qxf3+ Ka7 22. Qd5 Nb5 23. Qxb5 {Black resigns} 1-0

[Event "GambitGuide"]
[Site "Internet Chess Club"]
[Date "2014.10.31"]
[Round "1"]
[White "JSBach"]
[Black "sibirica"]
[Result "0-1"]
[ICCResult "White checkmated"]
[WhiteElo "1732"]
[BlackElo "2349"]
[Opening "Vienna: `Frankenstein-Dracula' variation"]
[ECO "C27"]
[NIC "VG.02"]
[Time "19:24:06"]
[TimeControl "120+12"]

1. e4 e5 2. Nc3 Nf6 3. Bc4 Nxe4 4. Qh5 Nd6 5. Bb3 Nc6 6. Nb5 g6 7. Qf3 f5 8.
Qd5 Qe7 9. Nxc7+ Kd8 10. Nxa8 b6 11. d3 Bb7 12. Nxb6 axb6 13. Qf3 Nd4 14.
Qg3 f4 15. Qg4 Qf6 16. Ba4 b5 17. Bb3 h5 18. Qh3 g5 19. Bd2 g4 20. Ba5+ Ke7
21. c3 Nxb3 22. axb3 gxh3 23. Ne2 hxg2 24. Rg1 f3 25. Nc1 Qf4 26. h4 Qh2 27.
Ne2 fxe2 28. Kxe2 Qxh4 29. Bb4 Qg4+ 30. Ke1 h4 31. Ra5 h3 32. Rxb5 h2 33.
Rxe5+ Kf6 34. Rxg2 h1=Q+ 35. Rg1 Qhxg1+ 36. Kd2 Qxf2+ 37. Kc1 Qgg1+ 38. Re1
Qgxe1# {White checkmated} 0-1

[Event "GambitGuide"]
[Site "Internet Chess Club"]
[Date "2014.10.31"]
[Round "1"]
[White "JSBach"]
[Black "QuieroAprender"]
[Result "1-0"]
[ICCResult "Black resigns"]
[WhiteElo "1732"]
[BlackElo "1379"]
[Opening "Vienna: `Frankenstein-Dracula' variation"]
[ECO "C27"]
[NIC "VG.02"]
[Time "19:20:34"]
[TimeControl "120+12"]

1. e4 e5 2. Nc3 Nf6 3. Bc4 Nxe4 4. Qh5 Nd6 5. Bb3 Nc6 6. Nb5 g6 7. Qf3 f5 8.
Qd5 Qe7 9. Nxc7+ Kd8 10. Nxa8 b6 11. d3 Bb7 12. Nxb6 axb6 13. Qf3 Nd4 14.
Qg3 f4 15. Qg4 N6f5 16. c3 Nh6 17. Qh3 Ndf5 18. Nf3 e4 19. dxe4 Qxe4+ 20.
Kf1 Ba6+ 21. Kg1 g5 22. Bd2 g4 23. Qh5 gxf3 24. gxf3 Rg8+ 25. Bxg8 Nxg8 26.
fxe4 {Black resigns} 1-0

[Event "GambitGuide"]
[Site "Internet Chess Club"]
[Date "2014.10.31"]
[Round "1"]
[White "JSBach"]
[Black "franco"]
[Result "1-0"]
[ICCResult "Black resigns"]
[WhiteElo "1732"]
[BlackElo "1417"]
[Opening "Vienna: `Frankenstein-Dracula' variation"]
[ECO "C27"]
[NIC "VG.02"]
[Time "19:23:29"]
[TimeControl "120+12"]

1. e4 e5 2. Nc3 Nf6 3. Bc4 Nxe4 4. Qh5 Nd6 5. Bb3 Nc6 6. Nb5 g6 7. Qf3 f5 8.
Qd5 Qe7 9. Nxc7+ Kd8 10. Nxa8 b6 11. d3 Bb7 12. Nxb6 axb6 13. Qf3 Qh4 14.
Qe3 Bg7 15. Qxb6+ Ke7 16. Nf3 Qg4 17. O-O h5 18. h3 {Black resigns} 1-0

[Event "GambitGuide"]
[Site "Internet Chess Club"]
[Date "2014.10.31"]
[Round "1"]
[White "JSBach"]
[Black "Spirals"]
[Result "1-0"]
[ICCResult "Black resigns"]
[WhiteElo "1732"]
[BlackElo "2176"]
[Opening "Vienna: `Frankenstein-Dracula' variation"]
[ECO "C27"]
[NIC "VG.02"]
[Time "19:23:08"]
[TimeControl "120+12"]

1. e4 e5 2. Nc3 Nf6 3. Bc4 Nxe4 4. Qh5 Nd6 5. Bb3 Nc6 6. Nb5 g6 7. Qf3 f5 8.
Qd5 Qe7 9. Nxc7+ Kd8 10. Nxa8 b6 11. d3 Bb7 12. Nxb6 axb6 13. Qf3 Nd4 14.
Qg3 Bg7 15. Bg5 Bf6 16. Bxf6 Qxf6 17. Ba4 h5 18. Qh3 b5 19. Bb3 g5 20. c3 g4
21. Qe3 f4 22. Qd2 Bxg2 23. cxd4 Bxh1 24. Rc1 exd4 25. Qa5+ Ke7 26. Kd2 Bc6
27. Ne2 Kf8 28. Qb6 Kg7 29. Qxd4 Qxd4 30. Nxd4 Rc8 31. Rc5 Kh6 32. Bd5 Nb7
33. Rc1 Nd6 34. Nxc6 dxc6 35. Rxc6 Rxc6 36. Bxc6 Kg5 37. d4 h4 38. a4 bxa4
39. Bxa4 g3 40. fxg3 fxg3 41. hxg3 hxg3 42. Ke2 Kf4 43. Bc6 Nc4 44. b4 Nb6
45. b5 Nc4 46. Kd3 Nd6 47. b6 Kf5 48. b7 Nxb7 49. Bxb7 Ke6 50. Bg2 Kd6 51.
d5 Ke5 52. Kc3 Kd6 53. Kd4 Kd7 54. Kc5 Ke7 55. d6+ Kd8 56. Kc6 Kc8 57. Bh3+
Kd8 58. d7 Ke7 59. Kc7 {Black resigns} 1-0

[Event "GambitGuide"]
[Site "Internet Chess Club"]
[Date "2014.10.31"]
[Round "1"]
[White "JSBach"]
[Black "Stroggs"]
[Result "1-0"]
[ICCResult "Black resigns"]
[WhiteElo "1732"]
[BlackElo "1525"]
[Opening "Vienna: `Frankenstein-Dracula' variation"]
[ECO "C27"]
[NIC "VG.02"]
[Time "19:24:31"]
[TimeControl "120+12"]

1. e4 e5 2. Nc3 Nf6 3. Bc4 Nxe4 4. Qh5 Nd6 5. Bb3 Nc6 6. Nb5 g6 7. Qf3 f5 8.
Qd5 Qe7 9. Nxc7+ Kd8 10. Nxa8 b6 11. d3 Bb7 12. Nxb6 axb6 13. Qf3 Bg7 14.
Be3 Kc7 15. Bd5 Nd8 16. Bxb7 N8xb7 17. Qd5 Qe6 18. Qxe6 dxe6 19. Rd1 f4 20.
Bd2 Nf5 21. Ne2 Nd4 22. Nxd4 exd4 23. Bxf4+ e5 24. Bg5 Kd6 25. f3 Rf8 26.
Kf2 h6 27. Bd2 g5 28. Rdf1 Nc5 29. Ke2 Nd7 30. h4 Nf6 31. Bb4+ Kd7 32. hxg5
hxg5 33. Bxf8 Bxf8 34. Kf2 {Black resigns} 1-0

[Event "GambitGuide"]
[Site "Internet Chess Club"]
[Date "2014.10.31"]
[Round "1"]
[White "JSBach"]
[Black "sibirica"]
[Result "1-0"]
[ICCResult "Black checkmated"]
[WhiteElo "1732"]
[BlackElo "2349"]
[Opening "Vienna: `Frankenstein-Dracula' variation"]
[ECO "C27"]
[NIC "VG.02"]
[Time "19:24:37"]
[TimeControl "120+12"]

1. e4 e5 2. Nc3 Nf6 3. Bc4 Nxe4 4. Qh5 Nd6 5. Bb3 Nc6 6. Nb5 g6 7. Qf3 f5 8.
Qd5 Qe7 9. Nxc7+ Kd8 10. Nxa8 b6 11. d3 Bb7 12. Nxb6 axb6 13. Qf3 Nd4 14.
Qh3 Bg7 15. Be3 b5 16. Ne2 Kc8 17. Nc3 Re8 18. Bd2 Qf6 19. Rc1 Kd8 20. O-O
f4 21. Rfe1 g5 22. Qh5 f3 23. Bxg5 fxg2 24. Bxf6+ Bxf6 25. Nd5 Bh4 26. Qxh4+
Kc8 27. Qf6 Rg8 28. Rxe5 N6f5 29. Nb6+ Kb8 30. Nxd7+ Kc7 31. Qb6+ Kxd7 32.
Qxb7+ Kd6 33. Qd5+ Kc7 34. Qf7+ Kb6 35. Qf6+ Ka5 36. Bxg8 Nh4 37. Qd8+ Ka6
38. Qd6+ Ka5 39. b4+ Ka4 40. Qa6+ Kxb4 41. c3# {Black checkmated} 1-0

[Event "GambitGuide"]
[Site "Internet Chess Club"]
[Date "2014.10.31"]
[Round "1"]
[White "JSBach"]
[Black "JeffH"]
[Result "1-0"]
[ICCResult "Black resigns"]
[WhiteElo "1732"]
[BlackElo "1183"]
[Opening "Vienna: `Frankenstein-Dracula' variation"]
[ECO "C27"]
[NIC "VG.02"]
[Time "19:25:37"]
[TimeControl "120+12"]

1. e4 e5 2. Nc3 Nf6 3. Bc4 Nxe4 4. Qh5 Nd6 5. Bb3 Nc6 6. Nb5 g6 7. Qf3 f5 8.
Qd5 Qe7 9. Nxc7+ Kd8 10. Nxa8 b6 11. d3 Bb7 12. Nxb6 axb6 13. Qf3 Kc8 14.
Be3 b5 15. Qd5 Nb4 16. Qc5+ Nc6 17. a4 f4 18. Bd2 Qf6 19. axb5 e4 20. Bc3
Qe6 21. Bxe6 {Black resigns} 1-0

[Event "GambitGuide"]
[Site "Internet Chess Club"]
[Date "2014.10.31"]
[Round "1"]
[White "JSBach"]
[Black "sibirica"]
[Result "0-1"]
[ICCResult "White checkmated"]
[WhiteElo "1732"]
[BlackElo "2349"]
[Opening "Vienna: `Frankenstein-Dracula' variation"]
[ECO "C27"]
[NIC "VG.02"]
[Time "19:26:27"]
[TimeControl "120+12"]

1. e4 e5 2. Nc3 Nf6 3. Bc4 Nxe4 4. Qh5 Nd6 5. Bb3 Nc6 6. Nb5 g6 7. Qf3 f5 8.
Qd5 Qe7 9. Nxc7+ Kd8 10. Nxa8 b6 11. d3 Bb7 12. Nxb6 axb6 13. Qf3 Nd4 14.
Qg3 f4 15. Qg4 Qf6 16. Ba4 b5 17. Bb3 h5 18. Qh3 g5 19. Bd2 g4 20. Ba5+ Ke7
21. c3 Nxb3 22. axb3 gxh3 23. Ne2 hxg2 24. Rg1 f3 25. Ng3 h4 26. Ne4 Nxe4
27. dxe4 Bxe4 28. c4 Kf7 29. cxb5 Bc5 30. Rc1 Qd6 31. Rc4 Qd3 32. Rxe4 Qxe4+
33. Kd2 Qe2+ 34. Kc3 Rc8 35. Bc7 Bd4+ 36. Kb4 Qd2+ 37. Kc4 Rxc7+ 38. Kd5
Bxf2+ 39. Ke4 Qd4+ 40. Kxf3 Qe3+ 41. Kxg2 h3+ 42. Kh1 Qf3+ 43. Rg2 Qxg2#
{White checkmated}
0-1

[Event "GambitGuide"]
[Site "Internet Chess Club"]
[Date "2014.10.31"]
[Round "1"]
[White "JSBach"]
[Black "pminucci"]
[Result "1-0"]
[ICCResult "Black resigns"]
[WhiteElo "1732"]
[BlackElo "1400"]
[Opening "Vienna: `Frankenstein-Dracula' variation"]
[ECO "C27"]
[NIC "VG.02"]
[Time "19:22:34"]
[TimeControl "120+12"]

1. e4 e5 2. Nc3 Nf6 3. Bc4 Nxe4 4. Qh5 Nd6 5. Bb3 Nc6 6. Nb5 g6 7. Qf3 f5 8.
Qd5 Qe7 9. Nxc7+ Kd8 10. Nxa8 b6 11. d3 Nb7 12. c3 Qc5 13. Be3 Qxd5 14. Bxd5
Nba5 15. b4 f4 16. bxa5 fxe3 17. axb6 axb6 18. fxe3 Bc5 19. d4 Bd6 20. Nxb6
exd4 21. Bxc6 dxc6 22. Nxc8 Kxc8 23. cxd4 Kd7 24. a4 Re8 25. Kd2 Bb4+ 26.
Kd3 Rb8 27. a5 Be7 28. a6 Ra8 29. e4 Kc7 30. Ne2 c5 31. d5 Kd6 32. Rhb1 Ke5
33. Rb7 Bd6 34. Rxh7 g5 35. Rg7 c4+ 36. Kxc4 Rc8+ 37. Kd3 Kf6 38. Rb7 Be5
39. Rf1+ Kg6 40. Rb6+ Kh5 41. Re6 Bxh2 42. Rh1 {Black resigns} 1-0

[Event "GambitGuide"]
[Site "Internet Chess Club"]
[Date "2014.10.31"]
[Round "1"]
[White "JSBach"]
[Black "franco"]
[Result "1-0"]
[ICCResult "Black resigns"]
[WhiteElo "1732"]
[BlackElo "1417"]
[Opening "Vienna: `Frankenstein-Dracula' variation"]
[ECO "C27"]
[NIC "VG.02"]
[Time "19:25:17"]
[TimeControl "120+12"]

1. e4 e5 2. Nc3 Nf6 3. Bc4 Nxe4 4. Qh5 Nd6 5. Bb3 Nc6 6. Nb5 g6 7. Qf3 f5 8.
Qd5 Qe7 9. Nxc7+ Kd8 10. Nxa8 b6 11. d3 Bb7 12. Nxb6 axb6 13. Qf3 Bg7 14.
Be3 Re8 15. Bxb6+ Kc8 16. Qd5 e4 17. Bc5 Kc7 18. O-O-O Qe5 19. Qxd6+ Kc8 20.
Qxe5 Rxe5 21. Bd6 Re6 22. Bxe6 dxe6 23. dxe4 {Black resigns} 1-0